 Dungeon Crawl Stone Soup version 0.29-a0-362-g5854e031c7 (webtiles) character file.

Game seed: 10067815214625665617

90 BritishOli the Skirmisher (level 4, -2/37 HPs)
             Began as a Demonspawn Monk on Apr 29, 2022.
             Slain by a water moccasin (6 damage)
             ... on level 3 of the Dungeon.
             The game lasted 00:04:53 (3044 turns).

BritishOli the Skirmisher (Demonspawn Monk)         Turns: 3044, Time: 00:04:54

Health: -2/37      AC:  6    Str: 12 (13) XL:     4   Next: 32%
Magic:  4/4        EV: 11    Int: 17 (18) God:
Gold:   137        SH:  0    Dex: 12 (15) Spells: 3/3 levels left

rFire   . . .      SeeInvis .   a - +0 falchion
rCold   . . .      Faith    .   (no shield)
rNeg    . . .      Spirit   .   k - +0 ring mail
rPois   .          Reflect  .   (no helmet)
rElec   .          Harm     .   e - +0 cloak
rCorr   .          Rampage  .   (no gloves)
Will    .....                   (no boots)
Stlth   +.........              (no amulet)
HPRegen 0.12/turn               h - +6 ring of intelligence
MPRegen 0.09/turn               (no ring)

@: no status effects
A: weakness stinger 1, demonic touch 1
a: no special abilities


You were on level 3 of the Dungeon.
You visited 1 branch of the dungeon, and saw 3 of its levels.

You collected 137 gold pieces.

Inventory:

Hand Weapons
 a - a +0 falchion (weapon)
Armour
 e - a +0 cloak (worn)
 k - a +0 ring mail (worn)
Jewellery
 h - a +6 ring of intelligence (left hand)
 s - a ring of willpower
Scrolls
 i - a scroll of amnesia {unknown}
 j - a scroll of fear {unknown}
 l - 3 scrolls of teleportation {unknown}
 m - 2 scrolls of noise {unknown}
 o - a scroll of torment {unknown}
 q - a scroll of immolation {unknown}
 r - a scroll of identify {unknown}
 t - a scroll of silence {unknown}
Potions
 b - a potion of magic {unknown}
 c - a potion of ambrosia
 d - a potion of haste {unknown}
 f - a potion of degeneration
 g - a potion of invisibility {unknown}
 n - a potion of might {unknown}
 p - a potion of curing


   Skills:
 * Level 3.7 Fighting
 * Level 3.3 Long Blades
 + Level 1.3 Armour
 + Level 3.1 Dodging
 - Level 2.1 Stealth


You had 3 spell levels left.
You didn't know any spells.
Your spell library contained the following spells:

 Spells                   Type           Power      Damage    Failure   Level
 Beastly Appendage        Tmut           0%         N/A       45%         1
 Foxfire                  Conj/Fire      0%         2x1d4     45%         1
 Wereblood                Tmut           0%         N/A       61%         2
 Conjure Flame            Conj/Fire      0%         6-21      83%         3
 Dazzling Flash           Conj/Hex       0%         N/A       83%         3
 Inner Flame              Hex/Fire       0%         N/A       83%         3
 Spider Form              Tmut/Pois      0%         N/A       83%         3
 Stone Arrow              Conj/Erth      0%         3d7       83%         3
 Animate Armour           Summ/Erth      0%         N/A       99%         4
 Flame Wave               Conj/Fire      0%         2d4       99%         4
 Iskenderun's Mystic Bla  Conj/Tloc      0%         2d3       99%         4
 Alistair's Intoxication  Tmut/Pois      0%         N/A       100%        5
 Borgnjor's Vile Clutch   Necr/Erth      0%         N/A       100%        5
 Eringya's Noxious Bog    Tmut/Pois      0%         N/A       100%        6
 Starburst                Conj/Fire      0%         6d3       100%        6
 Lehudib's Crystal Spear  Conj/Erth      0%         10d2      100%        8


Dungeon Overview and Level Annotations

Branches:
Dungeon (3/15)

Altars:
Xom


Innate Abilities, Weirdness & Mutations

You have a small tail.
Your touch may inflict minor irresistible damage on your foes.


Message History

You tail-slap the orc, but do no damage.
You touch the orc.
You kill the orc!
The water moccasin closely misses you.
You hit the water moccasin but do no damage.
The water moccasin bites you but does no damage.
The water moccasin completely misses you.
You hit the water moccasin but do no damage.
You tail-slap the water moccasin.
The water moccasin is lightly wounded.
The water moccasin bites you.
You are poisoned.
The water moccasin poisons you!
You hit the water moccasin but do no damage.
Your tail-slap misses the water moccasin.
You touch the water moccasin.
The water moccasin is moderately wounded.
You feel very sick. The water moccasin bites you.
You are lethally poisoned!
The water moccasin poisons you! The water moccasin bites you.
You are more poisoned.
The water moccasin poisons you!
It was a potion of degeneration.
There was something very wrong with that liquid.
You feel weakened.
You feel dopey.
You feel clumsy.
* * * LOW HITPOINT WARNING * * *
You feel extremely sick.
The water moccasin bites you but does no damage.
It was a potion of curing.
You feel better. The water moccasin bites you!
* * * LOW HITPOINT WARNING * * *
The water moccasin bites you.
* * * LOW HITPOINT WARNING * * *
The water moccasin attacks as you move away!
The water moccasin bites you.
* * * LOW HITPOINT WARNING * * *
The water moccasin bites you.
* * * LOW HITPOINT WARNING * * *
The water moccasin bites you.
You die...

........# #.# #...#
........# #.# #...
........######.#
##..#
........#......# ...
........#.###### #)#
........#.# #)#
####.##.#.# #.#
#.........#########.#
#...............@So.#
#........############
#........# #......>.#
#........# #........#
#........# #........#
##########


You could see a water moccasin and an orc.

Vanquished Creatures
  An adder (D:2)
  2 dart slugs
  3 worms (D:2)
  4 orcs (D:3)
  6 ball pythons
  5 bats
  6 endoplasms
  A giant cockroach (D:1)
  3 goblins
  6 hobgoblins
  7 jackals
  3 quokkas (D:2)
  2 frilled lizards
  3 kobolds
  6 rats
58 creatures vanquished.

Vanquished Creatures (others)
  A plant (D:1)
1 creature vanquished.

Grand Total: 59 creatures vanquished

Notes
Turn   | Place    | Note
-------+----------+-------------------------------------------
     0 | D:1      | BritishOli the Demonspawn Monk began the quest for the Orb.
     0 | D:1      | Reached XP level 1. HP: 18/18 MP: 1/1
   448 | D:1      | Discovered your monstrous ancestry.
   448 | D:1      | Gained mutation: Your touch may inflict minor irresistible
                  | damage on your foes. [demonic ancestry]
   448 | D:1      | Reached XP level 2. HP: 24/24 MP: 2/2
  1057 | D:1      | Found a faded altar of an unknown god.
  1162 | D:1      | Reached XP level 3. HP: 29/29 MP: 3/3
  1589 | D:2      | Reached skill level 1 in Armour
  2306 | D:2      | Gained mutation: You have a small tail. [demonic ancestry]
  2306 | D:2      | Reached XP level 4. HP: 26/36 MP: 4/4
  2806 | D:3      | Found a shimmering altar of Xom.
  3028 | D:3      | Noticed a water moccasin
  3044 | D:3      | Slain by a water moccasin

Illustrated notes

Levels and vault maps discovered:
D:1:      scummos_arrival_simple_fountains, layout_loops_corners,
          shapermc_ecumenical_altar_mp_urbaneastern, nicolae_wormholes
D:2:      layout_basic
D:3:      layout_basic, mainiacjoe_overflow_alcove_4

Skill      XL: |  1  2  3 |
---------------+----------+-----
Stealth        | 2 |  2.1
Long Blades    | 3 |  3.3
Dodging        | 3 |  3.1
Armour         | 1 |  1.3
Fighting       | |  3.7

Action                   |  1- 3 |  4- 6 || total
-------------------------+-------+-------++-------
Melee: Falchion          |   117 |    35 ||   152
       Touch             |    15 |     8 ||    23
       Punch             |     1 |     2 ||     3
       Tailslap          |       |     8 ||     8
  Use: Potion            |       |     2 ||     2
 Stab: Sleeping          |    11 |       ||    11
       Distracted        |     1 |       ||     1
Armor: Robe              |    11 |       ||    11
       Ring mail         |    19 |    11 ||    30
Dodge: Dodged            |    77 |    27 ||   104

Table legend: (Time is in decaauts)
 A = Elapsed time spent in this place.
 B = Non-inter-level travel time spent in this place.
 C = Inter-level travel time spent in this place.
 D = Time resting spent in this place.
 E = Time spent auto-exploring this place.
 F = Levels seen in this place.
 G = Mean time per level.
                   A        B        C        D        E       F      G
               +--------+--------+--------+--------+--------+-----+--------+
         Total |   3066 |   2968 |     98 |      0 |   2529 |   3 | 1022.0 |
       Dungeon |   3066 |   2968 |     98 |      0 |   2529 |   3 | 1022.0 |
               +--------+--------+--------+--------+--------+-----+--------+

Top non-repeatable levels by time:
     D:1: 1339 daAuts
     D:2: 1146 daAuts
     D:3: 580 daAuts
